 Dungeon Sprint DCSS version 0.22.1-1-ga44c0e56f4 (webtiles) character file.

16823 MuseOD the Unseen (level 12, -6/67 HPs)
             Began as a Spriggan Enchanter on Sept 29, 2018.
             Was the Champion of Dithmenos.
             Mangled by a nagaraja
             ... wielding a +0 spear
              (28 damage)
             ... in the Dungeon (Sprint III: "The Ten Rune Challenge").
             The game lasted 00:06:45 (2945 turns).

MuseOD the Unseen (Spriggan Enchanter)              Turns: 2945, Time: 00:06:46

Health: -6/67      AC:  2    Str:  4    XL:     12   Next: 13%
Magic:  8/30       EV: 20    Int: 20    God:    Dithmenos [******]
Gold:   68         SH:  0    Dex: 18    Spells: 23/38 levels left

rFire    . . .     SeeInvis +   a - +1 dagger
rCold    . . .     Gourm    .   (shield restricted)
rNeg     . . .     Faith    .   b - +0 robe
rPois    .         Spirit   .   (helmet restricted)
rElec    .         Reflect  .   (no cloak)
rCorr    .         Harm     .   (gloves unavailable)
MR       ++...     NoTele   +   (boots unavailable)
Stlth    ++++++++++             (no amulet)
HPRegen  0.21/turn              (no ring)
MPRegen  0.22/turn              (no ring)

@: lethally poisoned (-6 -> -11), wreathed by umbra, very quick
A: very small, unfitting armour, see invisible, herbivore, speed 3, slow
metabolism 2
a: Shadow Step, Shadow Form, Renounce Religion


You were in the Dungeon.
You worshipped Dithmenos.
Dithmenos was exalted by your worship.
You were hungry.

You visited 1 branch You collected 68 gold pieces.

Inventory:

Hand Weapons
 a - a +1 dagger (weapon)
Armour
 b - a +0 robe (worn)
Scrolls
 c - 3 scrolls of identify
 j - a scroll of blinking
 k - a scroll of amnesia {unknown}
 l - 2 scrolls of immolation {unknown}
 p - a scroll of remove curse {unknown}
Potions
 e - 2 potions of curing
 f - 3 potions of heal wounds
 g - a potion of haste
 h - 2 potions of magic
 i - a potion of berserk rage
 m - a potion of brilliance {unknown}
 n - 2 potions of mutation {unknown}
 o - 2 potions of flight
 q - a potion of might
Comestibles
 d - 4 rations


   Skills:
 - Level 10.0 Fighting
 - Level 18.0 Short Blades
 + Level 4.9 Dodging
 + Level 18.5 Stealth
 + Level 13.8 Spellcasting
 + Level 8.3 Conjurations
 + Level 14.1 Hexes


You had 23 spell levels left.
You knew the following spells:

 Your Spells              Type           Power        Failure   Level  Hunger
a - Corona                Hex            ######.      0%          1    None
b - Ensorcelled Hibernat  Hex/Ice        #####.       1%          2    None
c - Confuse               Hex            ######..     1%          3    None
d - Tukima's Dance        Hex            ######..     1%          3    None
e - Dazzling Spray        Conj/Hex       ######       1%          3    None
f - Mephitic Cloud        Conj/Pois/Air  ###.....     4%          3    None

Your spell library contained the following spells:

 Spells                   Type           Power        Failure   Level  Hunger
 Magic Dart               Conj           ####         1%          1    None
 Slow                     Hex            ######..     1%          2    None
 Conjure Flame            Conj/Fire      ####....     2%          3    None
 Blink                    Tloc           N/A          7%          2    None
 Call Imp                 Summ           ##......     7%          2    None


Dungeon Overview and Level Annotations

Branches:
Dungeon (1/1)

Altars:
Dithmenos
Elyvilon
Kikubaaqudgha
Okawaru
Ru
Sif Muna
Trog
Uskayaw
Vehumet
Wu Jian
Yredelemnul
Zin
The Shining One
Beogh

Shops:
D [%


Innate Abilities, Weirdness & Mutations

You are very small and have problems with some larger weapons.
You are too small for most types of armour.
You have supernaturally acute eyesight. (SInv)
You are a herbivore.
You cover ground extremely quickly.
You need to consume almost no food.


Message History

Aim: a nagaraja, wielding a spear and wearing a robe (fast, catching its The nagaraja resists with almost no effort.
Casting: Confuse (safe; 1% risk of failure)
Confirm with . or Enter, or press ? or * to list all spells.
Aiming: Confuse (safe; 1% risk of failure)
Press: ? - help, Shift-Dir - straight line, f/p - nagaraja
Aim: a nagaraja, wielding a spear and wearing a robe (fast, umbra, chance to The nagaraja resists with almost no effort.
The nagaraja spits poison at you. The splash of poison hits you!
You are poisoned.
Casting: Confuse (safe; 1% risk of failure)
Confirm with . or Enter, or press ? or * to list all spells.
Aiming: Confuse (safe; 1% risk of failure)
Press: ? - help, Shift-Dir - straight line, f/p - nagaraja
Aim: a nagaraja, wielding a spear and wearing a robe (fast, catching its The nagaraja resists with almost no effort.
You feel sick. The nagaraja closely misses you.
The nagaraja hits you from afar with a spear!!
You die...

♣♣.##.#####...#
#....
♣...†.##......#
#....
########'###########
#+###
#...........###.
#............##.
###########..##.
##......÷....##.
#.......÷...###.
#.@########## #.
#.)÷N.......##
##.....÷.....#
##########..#
##..).N§§§§§.#
#∩..).N§§§§.##
#∩.########## #


You could see a nagaraja.

Vanquished Creatures
  Sigmund (D)
  2 yaktaur captains (D)
  A naga warrior (D)
  Erolcha (D)
  2 hydras (D)
  3 anacondas (D)
  Urug (D)
  A death drake (D)
  A lindwurm (D)
  A deep elf mage (D)
  A black mamba (D)
  Edmund (D)
  2 spiny frogs (D)
  A komodo dragon (D)
  A yaktaur (D)
  3 wandering mushrooms (D)
  2 tyrant leeches (D)
  An orc high priest (D)
  A shadow (D)
  5 redbacks (D)
  2 nagas (D)
  2 water moccasins (D)
  A necrophage (D)
  5 two-headed ogres (D)
  A water elemental (D)
  A scorpion (D)
  A jelly (D)
  2 orc priests (D)
  A wizard (D)
  A necromancer (D)
  3 humans (D)
  A kobold demonologist (D)
  2 adders (D)
  An ooze (D)
  3 rats (D)
59 creatures vanquished.

Vanquished Creatures (others)
  2 draconian scorchers (D)
  6 hellions (D)
  2 yaktaurs (D)
  A dancing weapon (D)
  An electric eel (D)
  An orc priest (D)
  2 plants (D)
15 creatures vanquished.

Grand Total: 74 creatures vanquished

Notes
Turn   | Place    | Note
-------+----------+-------------------------------------------
     0 | D        | MuseOD the Spriggan Enchanter began the quest for the Orb.
     0 | D        | Reached XP level 1. HP: 9/9 MP: 5/5
    13 | D        | Reached skill level 1 in Fighting
    13 | D        | Reached skill level 5 in Stealth
    97 | D        | Killed a hellion
   119 | D        | Killed a hellion
   119 | D        | Killed a hellion
   132 | D        | Killed a yaktaur
   154 | D        | Killed a hellion
   156 | D        | Killed a hellion
   166 | D        | Killed a white draconian scorcher
   167 | D        | Killed a white draconian scorcher
   195 | D        | Noticed a scorpion
   198 | D        | Killed a scorpion
   198 | D        | Reached skill level 5 in Short Blades
   198 | D        | Reached XP level 2. HP: 16/16 MP: 6/6
   198 | D        | Reached XP level 3. HP: 19/19 MP: 8/8
   211 | D        | Learned a level 2 spell: Ensorcelled Hibernation
   215 | D        | Learned a level 3 spell: Confuse
   445 | D        | Killed a hellion
   571 | D        | Killed a yaktaur
   573 | D        | Reached XP level 4. HP: 23/24 MP: 3/9
   666 | D        | Noticed a water elemental
   668 | D        | Killed a water elemental
   676 | D        | Found a basalt altar of Yredelemnul.
   676 | D        | Found a shadowy altar of Dithmenos.
   676 | D        | Found a sacrificial altar of Ru.
   676 | D        | Noticed a necrophage
   678 | D        | Killed a necrophage
   678 | D        | Reached XP level 5. HP: 30/30 MP: 9/11
   683 | D        | Became a worshipper of Dithmenos the Shadowed
   708 | D        | Found a glowing silver altar of Zin.
   708 | D        | Found a glowing golden altar of the Shining One.
   708 | D        | Found a white marble altar of Elyvilon.
   708 | D        | Noticed a deep elf mage
   718 | D        | Killed a deep elf mage
   718 | D        | Reached skill level 5 in Fighting
   718 | D        | Reached skill level 10 in Short Blades
   718 | D        | Reached XP level 6. HP: 36/36 MP: 10/16
   718 | D        | Reached XP level 7. HP: 39/39 MP: 10/17
   768 | D        | Found a radiant altar of Vehumet.
   768 | D        | Found a deep blue altar of Sif Muna.
   768 | D        | Found an ancient bone altar of Kikubaaqudgha.
   772 | D        | Reached * piety under Dithmenos
   784 | D        | Learned a level 3 spell: Tukima's Dance
   788 | D        | Learned a level 3 spell: Dazzling Spray
   792 | D        | Learned a level 3 spell: Mephitic Cloud
   798 | D        | Found a hide-covered altar of Uskayaw.
   798 | D        | Found a roughly hewn altar of Beogh.
   798 | D        | Found an iron altar of Okawaru.
   798 | D        | Found a bloodstained altar of Trog.
   798 | D        | Found an ornate altar of the Wu Jian Council.
   798 | D        | Noticed a human
   798 | D        | Noticed a human
   800 | D        | Killed a human
   800 | D        | Reached skill level 1 in Conjurations
   819 | D        | Killed a human
   869 | D        | Noticed a shadow
   876 | D        | Reached ** piety under Dithmenos
   878 | D        | Killed a shadow
   878 | D        | Reached XP level 8. HP: 43/45 MP: 10/20
  1013 | D        | Reached *** piety under Dithmenos
  1016 | D        | Noticed a two-headed ogre
  1019 | D        | Killed a two-headed ogre
  1062 | D        | Noticed a two-headed ogre
  1062 | D        | Noticed Erolcha
  1064 | D        | Killed Erolcha
  1064 | D        | Reached XP level 9. HP: 50/50 MP: 21/23
  1065 | D        | Killed a two-headed ogre
  1109 | D        | Reached **** piety under Dithmenos
  1111 | D        | Reached skill level 10 in Hexes
  1112 | D        | Noticed Sigmund
  1112 | D        | Noticed Edmund
  1129 | D        | Killed Edmund
  1141 | D        | Killed Sigmund
  1141 | D        | Reached skill level 15 in Short Blades
  1141 | D        | Reached skill level 15 in Stealth
  1141 | D        | Reached skill level 5 in Conjurations
  1141 | D        | Reached XP level 10. HP: 12/57 MP: 11/26
  1455 | D        | Noticed a yaktaur captain
  1455 | D        | Noticed a yaktaur captain
  1458 | D        | Killed a yaktaur captain
  1672 | D        | Killed a yaktaur captain
  1672 | D        | Reached ***** piety under Dithmenos
  1672 | D        | Reached XP level 11. HP: 62/62 MP: 20/27
  2015 | D        | Reached ****** piety under Dithmenos
  2031 | D        | Noticed a lindwurm
  2034 | D        | Killed a lindwurm
  2042 | D        | Noticed Urug
  2044 | D        | Killed Urug
  2136 | D        | Noticed a six-headed hydra
  2136 | D        | Noticed a four-headed hydra
  2152 | D        | Killed a six-headed hydra
  2152 | D        | Reached skill level 10 in Fighting
  2378 | D        | Killed a four-headed hydra
  2385 | D        | Noticed a death drake
  2395 | D        | Killed a death drake
  2552 | D        | Noticed an anaconda
  2559 | D        | Killed an anaconda
  2561 | D        | Noticed an anaconda
  2565 | D        | Killed an anaconda
  2685 | D        | Noticed an anaconda
  2689 | D        | Killed an anaconda
  2689 | D        | Reached XP level 12. HP: 67/67 MP: 26/30
  2700 | D        | Noticed a naga warrior
  2700 | D        | Noticed a nagaraja
  2700 | D        | Found Coilim's Antique Armour Shop.
  2700 | D        | Found Buaggyos's Food Shoppe.
  2939 | D        | Killed a naga warrior
  2945 | D        | Mangled by a nagaraja

Skill      XL: |  1  2  3  4  5  6  7  8  9 10 11 12 |
---------------+-------------------------------------+-----
Fighting       | 2 3 4 5 6 7 8 9 10 | 10.0
Short Blades   | 5 6 8 10 11 13 15 18 | 18.0
Stealth        | 7 9 11 12 13 15 16 18 | 18.5
Spellcasting   | 3 6 7 9 11 13 | 13.8
Hexes          | 4 6 8 9 11 12 13 14 | 14.1
Conjurations   | 2 3 5 6 8 |  8.3
Dodging        | 4 |  4.9

Action                   |  1- 3 |  4- 6 |  7- 9 | 10-12 || total
-------------------------+-------+-------+-------+-------++-------
Melee: Dagger            |    19 |    10 |    33 |    48 ||   110
 Cast: Confuse           |     4 |     1 |     4 |    34 ||    43
       Ensorcelled Hiber |     2 |       |     1 |       ||     3
       Mephitic Cloud    |       |       |     1 |       ||     1
       Dazzling Spray    |       |       |     2 |     8 ||    10
       Tukima's Dance    |       |       |     1 |     1 ||     2
Invok: Shadow Step       |       |       |       |     2 ||     2
  Use: Potion            |       |       |       |     1 ||     1
 Stab: Sleeping          |     4 |     3 |    12 |    13 ||    32
       Confused          |     2 |     1 |     6 |    14 ||    23
       Distracted        |       |       |       |     1 ||     1
       Invisible         |       |       |       |     1 ||     1
Armor: Robe              |       |       |     1 |     1 ||     2
Dodge: Dodged            |     6 |     1 |     7 |    29 ||    43
